 Dungeon Crawl Stone Soup version 0.28-b1-25-g9875b3fc8c (webtiles) character file.

Game seed: 4622433781127561481

15 inmateoo the Ruffian (level 2, -6/21 HPs)
             Began as a Demonspawn Wanderer on Feb 6, 2022.
             Mangled by Sigmund (12 damage)
             ... on level 2 of the Dungeon.
             The game lasted 00:01:17 (981 turns).

inmateoo the Ruffian (Demonspawn Wanderer)           Turns: 981, Time: 00:01:17

Health: -6/21      AC:  4    Str: 13    XL:     2   Next: 34%
Magic:  6/6        EV: 10    Int: 12    God:
Gold:   95         SH:  3    Dex: 12    Spells: 6/7 levels left

rFire   . . .      SeeInvis .   e - +2 short sword (elec)
rCold   . . .      Faith    .   f - +0 buckler
rNeg    . . .      Spirit   .   c - +0 leather armour
rPois   .          Reflect  .   i - +0 hat
rElec   .          Harm     .   b - +0 cloak
rCorr   .          Rampage  .   (no gloves)
Will    .....                   (no boots)
Stlth   +.........              (no amulet)
HPRegen 0.07/turn               (no ring)
MPRegen 0.10/turn               (no ring)

@: no status effects
A: powered by death 1
a: no special abilities


You were on level 2 of the Dungeon.
You visited 1 branch of the dungeon, and saw 2 of its levels.

You collected 95 gold pieces.

Inventory:

Hand Weapons
 e - a +2 short sword of electrocution (weapon)
Armour
 b - a +0 cloak (worn)
 c - a +0 leather armour (worn)
 f - a +0 buckler (worn)
 i - a +0 hat (worn)
Scrolls
 a - 2 scrolls of identify {unknown}
 d - a scroll of teleportation
 g - a scroll of fear {unknown}
 h - a scroll of enchant weapon {unknown}


   Skills:
 + Level 1.0 Fighting
 - Level 1.0 Stealth
 * Level 3.2 Unarmed Combat
 - Level 3.0 Spellcasting
 - Level 2.6 Fire Magic


You had 6 spell levels left.
You knew the following spells:

 Your Spells              Type           Power      Damage    Failure   Level
a - Foxfire               Conj/Fire      20%        2x1d5     26%         1

Your spell library contained the following spells:

 Spells                   Type           Power      Damage    Failure   Level
 Apportation              Tloc           2%         N/A       41%         1
 Inner Flame              Hex/Fire       5%         N/A       58%         3
 Sticky Flame             Conj/Fire      5%         2d3       94%         4
 Alistair's Intoxication  Tmut/Pois      0%         N/A       100%        5


Dungeon Overview and Level Annotations

Branches:
Dungeon (2/15)

Altars:

Shops:
D:1 [

Annotations:
D:2 Sigmund


Innate Abilities, Weirdness & Mutations

You regenerate a little health from kills.


Message History

You are frozen.
* * * LOW HITPOINT WARNING * * *
The endoplasm hits you.
* * * LOW HITPOINT WARNING * * *
Sigmund hits you but does no damage.
You aren't carrying any potions.
You hit the endoplasm.
The endoplasm is severely wounded.
The endoplasm completely misses you. Sigmund closely misses you.
You feel less confused. The endoplasm freezes you.
You are frozen.
* * * LOW HITPOINT WARNING * * *
Sigmund completely misses you. The endoplasm barely misses you.
You aren't carrying any potions.
Unknown command.
You puncture the endoplasm!
You kill the endoplasm!
Sigmund misses you.
As you read the scroll of teleportation, it crumbles to dust.
You feel strangely unstable.
Your surroundings suddenly seem different.
You start resting.
Sigmund is nearby!
Sigmund is nearby!
You aren't carrying any items that you can evoke.
Unknown command.
Sigmund closely misses you.
You barely miss Sigmund.
Sigmund is heavily wounded.
Sigmund hits you with a +0 scythe.
* * * LOW HITPOINT WARNING * * *
You closely miss Sigmund.
Sigmund is heavily wounded.
Sigmund gestures wildly while chanting.
Sigmund flickers and vanishes!
Deactivating autopickup; reactivate with Ctrl-A.
You miss something. Something hits you!
Ouch! That really hurt!
You die...

## .
.#
###.
#..
#{#
#@#
#.#
#.#
#.#
#.#
#.#
..#
###


There were no monsters in sight!

Vanquished Creatures
  2 endoplasms
  2 giant cockroaches
  2 hobgoblins (D:1)
  A kobold (D:1)
  A ball python (D:1)
  3 goblins (D:1)
  2 rats (D:1)
13 creatures vanquished.

Notes
Turn   | Place    | Note
-------+----------+-------------------------------------------
     0 | D:1      | inmateoo the Demonspawn Wanderer began the quest for the
                  | Orb.
     0 | D:1      | inmateoo set off with the following items: a +0 club, a +0
                  | cloak, a +0 leather armour, a scroll of teleportation; and
                  | the following spell memorised: Foxfire; and the following
                  | spells available to memorise: Inner Flame, Sticky Flame
     0 | D:1      | Reached XP level 1. HP: 13/13 MP: 4/4
   162 | D:1      | Gained mutation: You regenerate a little health from kills.
                  | [demonic ancestry]
   162 | D:1      | Reached XP level 2. HP: 20/20 MP: 6/6
   310 | D:1      | Found Kuledoriedgh's Antique Armour Emporium.
   764 | D:2      | Reached skill level 1 in Fighting
   785 | D:2      | Noticed an ogre
   825 | D:2      | Noticed Sigmund
   841 | D:2      | HP: 1/21 [frozen (3)]
   981 | D:2      | Mangled by Sigmund

Illustrated notes

Levels and vault maps discovered:
D:1:      dpeg_arrival_tiny_k, layout_basic, serial_shops, shop,
          minmay_pentomino_r2
D:2:      layout_loops_corners, ebering_ecumenical_altar_petrified,
          minmay_lizard_king, uniq_sigmund, uniq_jessica

Skill      XL: |  1  2 |
---------------+-------+-----
Unarmed Combat | 3 |  3.2
Fighting       | 1 |  1.0
Stealth        | |  1.0
Spellcasting   | |  3.0
Fire Magic     | |  2.6

Action                   || total
-------------------------++-------
Melee: Short sword       ||    33
       Punch             ||     1
  Use: Scroll            ||     1
 Stab: Sleeping          ||     3
Armor: Leather armour    ||     5
Dodge: Dodged            ||    22
Block: Buckler           ||     1
